 Dungeon Crawl Stone Soup version 0.15.0-18-g9076a4f (console) character file.

124 gw the Cudgeler (level 5, -3/33 HPs)
             Began as a Gargoyle Berserker on Sept 7, 2014.
             Was a Priest of Trog.
             Killed from afar by an orc wizard (6 damage)
             ... with a puff of flame
             ... on Level 3 of the Dungeon.
             The game lasted 00:01:23 (2401 turns).

gw the Cudgeler (Gargoyle Berserker)                Turns: 2401, Time: 00:01:23

HP  -3/33        AC 18     Str 21      XL: 5   Next:  8%
MP   5/5         EV  7     Int  7      God: Trog [***...]
Gold 0           SH  0     Dex 10      Spells:  0 memorised,  4 levels left

rFire  . . .     SeeInvis .     a - +0 mace
rCold  . . .     Clarity  .     h - +0 chain mail
rNeg   + . .     rCorr    .     (no shield)
rPois  +         rRot     +     j - +2 helmet
rElec  +         Spirit   .     (no cloak)
SustAb .         Warding  .     l - +1 pair of gloves
rMut   .         Stasis   .     (no boots)
Gourm  .                        (no amulet)
MR     .....                    (no ring)
                                (no ring)

@: not resistant to hostile enchantments, extremely unstealthy
A: negative energy resistance 1, electricity resistance, unbreathing,
petrification resistance, rot immunity, AC +4
a: Burn Spellbooks, Berserk, Trog's Hand, Renounce Religion


You were on level 3 of the Dungeon.
You worshipped Trog.
Trog was most pleased with you.
You were not hungry.

You visited 1 branch of the dungeon, and saw 3 of its levels.

Inventory:

Hand weapons
 a - a +0 mace (weapon)
Missiles
 d - 61 stones (quivered)
 e - 5 javelins
Armour
 h - a +0 chain mail (worn)
 j - a +2 helmet (worn)
 l - a +1 pair of gloves (worn)
Magical devices
 o - a wand of magic darts (9)
Comestibles
 b - a beef jerky
 c - a bread ration
 g - a chunk of hobgoblin flesh
 i - 6 fruits
 k - a meat ration
Scrolls
 f - 2 scrolls of fog


   Skills:
 + Level 4.1 Fighting
 * Level 4.2 Maces & Flails
 + Level 1.7 Throwing
 + Level 3.1 Armour
 - Level 1.5 Dodging


You had 4 spell levels left.
You didn't know any spells.

Dungeon Overview and Level Annotations

Branches:
Dungeon (3/15)

Altars:


Innate Abilities, Weirdness & Mutations

You are resistant to torment.
You are immune to poison.
Your stone body is very resilient (AC +4).
You resist negative energy.
You are resistant to electric shocks.
You can survive without breathing.
You are immune to petrification.
You are immune to rotting.


Message History

You hit something but do no damage. Something hits you but does no damage.
ATTACKING (0,1)
You miss something. Something hits you but does no damage.
ATTACKING (0,1)
You closely miss something. Something hits you but does no damage.
ATTACKING (0,1)
You miss something.
You hear some strange, mumbled words.
The puff of flame hits you! Something hits you but does no damage.
ATTACKING (0,1)
You hit something.
You hear some strange, mumbled words.
The puff of flame hits you!
ATTACKING (0,1)
You closely miss something. Something hits you but does no damage.
ATTACKING (0,1)
Your chain mail prevents you from hitting something.
You hear some strange, mumbled words.
The puff of flame hits you!
You die...

## .# .#
.# ###(# .
#9)!# #.#
#{### #.#
#.# #.#
#.# #.#
#.# #.#
#.# #.#
#.# #..
#.#
########..
#.#
#.........


There were no monsters in sight!

Table legend:
 A = Turns spent in this place as a percentage of turns spent in the entire game.
 B = Non-inter-level travel turns spent in this place as a percentage of non-inter-level travel turns spent in the entire game.
 C = Inter-level travel turns spent in this place as a percentage of turns spent in this place.
 D = Turns resting spent in this place as a percentage of non-inter-level travel turns spent in this place.
 E = Turns spent auto-exploring this place as a percentage of non-inter-level travel turns spent in this place.
 F = Non-inter-level travel turns spent in this place divided by the number of levels of this place that you've seen.
                   A       B       C       D       E      F
               +-------+-------+-------+-------+-------+----------------------
         Total | 100.0 | 100.0 |   1.1 |   3.9 |  17.0 | 237.7
       Dungeon | 100.0 | 100.0 |   1.1 |   3.9 |  17.0 | 237.7
               +-------+-------+-------+-------+-------+----------------------

Table legend:
 A = Kills in this place as a percentage of kills in entire the game.
 B = Kills by you in this place as a percentage of kills by you in the entire game.
 C = Kills by friends in this place as a percentage of kills by friends in the entire game.
 D = Other kills in this place as a percentage of other kills in the entire game.
 E = Experience gained in this place as a percentage of experience gained in the entire game.
 F = Experience gained in this place divided by the number of levels of this place that you have seen.
                   A       B       C       D       E      F
               +-------+-------+-------+-------+-------+----------------------
         Total | 100.0 | 100.0 |  -nan |  -nan | 100.0 |  59.3
       Dungeon | 100.0 | 100.0 |  -nan |  -nan | 100.0 |  59.3
               +-------+-------+-------+-------+-------+----------------------

Vanquished Creatures
  Terence (D:2)
  3 gnolls (D:2)
  2 adders (D:2)
  A giant gecko (D:2)
  4 orcs (D:3)
  10 bats
  3 giant cockroaches
  9 hobgoblins
  6 jackals (D:1)
  3 giant newts (D:2)
  6 goblins
  5 kobolds
  A quokka (D:2)
  6 rats
60 creatures vanquished.

Notes
Turn   | Place    | Note
--------------------------------------------------------------
     0 | D:1      | gw, the Gargoyle Berserker, began the quest for the Orb.
     0 | D:1      | Reached XP level 1. HP: 14/14 MP: 1/1
   374 | D:1      | Reached XP level 2. HP: 19/19 MP: 2/2
   768 | D:1      | Reached skill level 1 in Throwing
  1040 | D:2      | Acquired Trog's second power
  1049 | D:2      | Reached XP level 3. HP: 23/23 MP: 3/3
  1394 | D:2      | Noticed Terence
  1414 | D:2      | Killed Terence
  1414 | D:2      | Reached XP level 4. HP: 22/29 MP: 4/4
  1714 | D:2      | Reached skill level 4 in Fighting
  2311 | D:3      | Reached XP level 5. HP: 33/33 MP: 5/5
  2401 | D:3      | Killed from afar by an orc wizard

Action                   |  1- 3 |  4- 6 || total
-------------------------+-------+-------++-------
Melee: Mace              |   116 |    88 ||   204
Throw: Stone             |    57 |    44 ||   101
Invok: Berserk           |     1 |       ||     1
Evoke: Wand              |       |     1 ||     1
  Use: Scroll            |     3 |     4 ||     7
       Potion            |     2 |     2 ||     4
  Eat: Chunk             |     3 |     3 ||     6

Vault maps used:
D:1:      nicolae_arrival_somewhat_less_tricky_arrival
D:2:      uniq_terence
D:3:      lemuel_doored_altar, portal_sewer_entry_b, uniq_sigmund, uniq_natasha
